Map: Ice and Chrome LE

Players

DnS

  • Race: Protoss Protoss
  • Spawn Location: 7:00

SortOf - Winner!

  • Race: Zerg Zerg
  • League: Grandmaster
  • Spawn Location: 1:00

Event: DreamHack SC2 Masters 2020 Summer Europe

VOD

Have the link to the VOD?

Description

Time

  • Played on: July 3, 2020, 10:53 a.m.
  • Length: 43:56

All games in this series

Show
View Real Time Build Order
Export as new Build Order

DnS Protoss 

Build Orders: 1 Gate Expand, Oracle Opening, Phoenix Opening, Archon Immortal, Carriers 

Get SALT Encoding   

  12  0:00  Probe  
  13  0:12  Probe  
  14  0:20  Pylon  
  14  0:24  Probe  
  15  0:34  Probe  
  15  0:41  Gateway  
  15  0:42  Probe  
  17  0:50  Assimilator  
  17  0:52  Probe  
  18  1:04  Probe  
  19  1:16  Probe  
  20  1:26  Nexus  
  20  1:38  Cybernetics Core  
  20  1:41  Probe  
  21  1:49  Assimilator  
  21  1:53  Probe  
  22  1:56  Pylon  
  22  2:05  Adept, Probe  
  23  2:15  Warp Gate  
  25  2:17  Probe  
  26  2:29  Probe, Pylon  
  27  2:34  Stalker, Stargate  
  27  2:40  Probe  
  27  2:42  Probe  
  31  2:52  Probe  
  31  2:54  Probe  
  33  3:01  Probe  
  34  3:06  Probe  
  34  3:10  Oracle, Probe  
  35  3:18  Probe x2  
  40  3:26  Gateway  
  41  3:28  Adept  
  41  3:30  Probe  
  41  3:31  Probe  
  45  3:36  Pylon  
  45  3:39  Pylon  
  45  3:42  Probe  
  46  3:54  Probe  
  46  3:55  Phoenix, Probe  
  51  3:59  Twilight Council  
  51  4:06  Adept  
  51  4:08  Probe x2  
  51  4:09  Gateway  
  54  4:10  Gateway  
  54  4:12  Pylon  
  54  4:13  Resonating Glaives  
  54  4:21  Adept  
  56  4:29  Probe x2  
  58  4:32  Adept, Assimilator x2  
  58  4:33  Pylon  
  60  4:42  Adept  
  60  4:43  Probe  
  60  4:45  Pylon  
  63  5:04  Adept x4  
  63  5:05  Probe x2  
  73  5:08  Robotics Facility  
  73  5:12  Pylon  
  70  5:28  Adept x4  
  78  5:40  Probe x2  
  80  5:46  Pylon  
  80  5:49  Nexus  
  80  5:50  Pylon  
  80  5:53  Pylon  
  80  5:55  Sentry, Probe x2  
  80  5:56  Sentry x3  
  90  5:59  Immortal  
  90  6:07  Probe  
  95  6:11  Probe  
  94  6:19  Probe  
  94  6:23  Probe  
  88  6:27  Charge  
  88  6:29  Forge  
  88  6:31  Probe  
  87  6:33  Immortal, Shield Battery  
  87  6:35  Probe  
  87  6:37  Pylon  
  88  6:43  Probe  
  93  6:47  Probe  
  93  6:52  Gateway, Protoss Ground Weapons Level 1  
  93  6:53  Gateway  
  94  6:55  Probe  
  94  6:59  Probe  
  94  7:01  Probe  
  96  7:07  Probe  
  98  7:09  Probe  
  98  7:12  Gateway, Probe  
  98  7:14  Gateway  
  100  7:15  Assimilator  
  100  7:16  Assimilator  
  100  7:17  Immortal  
  100  7:19  Probe  
  101  7:24  Probe  
  101  7:25  Probe  
  107  7:31  Templar Archives  
  107  7:32  Probe  
  107  7:35  Photon Cannon  
  107  7:36  Probe  
  109  7:37  Photon Cannon  
  109  7:40  Probe  
  110  7:45  Zealot x3  
  110  7:47  Zealot  
  118  8:00  Psionic Storm  
  118  8:09  High Templar x4  
  118  8:12  Immortal  
  130  8:27  High Templar  
  130  8:28  High Templar  
  130  8:30  Nexus  
  130  8:31  Photon Cannon, Pylon  
  130  8:32  Archon, Shield Battery  
  130  8:34  Pylon, Zealot x2  
  136  8:38  Pylon  
  138  8:42  Immortal  
  138  8:44  Protoss Ground Weapons Level 2  
  142  8:58  Probe x3  
  143  9:03  Zealot  
  143  9:07  Photon Cannon  
  143  9:08  High Templar x2, Zealot x2  
  153  9:11  Photon Cannon  
  153  9:12  Archon  
  153  9:13  Photon Cannon  
  153  9:22  Stalker x2, Observer  
  156  9:34  High Templar x2  
  156  9:35  Zealot x2  
  164  9:42  Archon  
  164  9:45  Shield Battery  
  164  9:46  Stalker x2, Shield Battery  
  164  9:47  Stalker x2  
  172  9:57  Probe x2  
  172  9:58  Probe x2  
  176  10:00  Assimilator  
  176  10:01  Assimilator  
  176  10:11  Photon Cannon  
  174  10:16  Probe  
  174  10:17  Probe x3  
  174  10:21  Zealot x2  
  180  10:22  Zealot  
  180  10:27  Pylon  
  176  10:29  Pylon  
  176  10:30  Pylon  
  176  10:32  Zealot x3, Pylon  
  178  10:39  Fleet Beacon  
  178  10:40  Stargate  
  140  10:52  High Templar x3  
  140  10:53  High Templar, Zealot x4  
  156  10:57  Archon x2  
  156  11:05  Probe x4  
  142  11:19  High Templar x3  
  142  11:20  High Templar  
  142  11:22  Carrier  
  142  11:24  Gateway, Protoss Ground Weapons Level 3, Archon  
  142  11:25  Archon  
  150  11:26  Carrier  
  150  11:27  Gateway  
  150  11:28  Probe x3  
  159  11:37  Nexus  
  159  11:38  Warp Prism  
  165  11:44  Pylon  
  167  11:55  Zealot x4  
  167  11:56  Zealot x2  
  167  11:57  Zealot x2  
  167  11:59  Mothership  
  180  12:04  Assimilator  
  180  12:06  Assimilator  
  188  12:23  Protoss Air Weapons Level 1  
  188  12:26  Carrier  
  184  12:41  Carrier  
  184  12:42  Shield Battery  
  184  12:44  Shield Battery  
  178  12:45  Photon Cannon  
  178  12:47  Photon Cannon  
  178  12:49  Photon Cannon  
  184  12:57  Blink, Stargate  
  184  13:05  Photon Cannon  
  184  13:10  High Templar  
  184  13:12  Photon Cannon, Pylon  
  182  13:26  Carrier  
  178  13:32  Carrier  
  184  13:42  Dark Shrine  
  184  13:45  Carrier  
  196  13:53  Gateway  
  196  13:55  Warp Prism  
  196  13:57  Gateway x2  
  196  13:58  Gateway  
  196  14:06  Protoss Shields Level 1, Protoss Air Weapons Level 2  
  196  14:09  High Templar  
  198  14:10  High Templar  
  198  14:14  Archon  
  200  14:20  Photon Cannon x2  
  200  14:22  Pylon  
  200  14:41  Shield Battery  
  196  14:55  Shadow Stride  
  195  15:03  Dark Templar x2  
  199  15:19  Pylon  
  189  15:45  Nexus  
  189  15:55  Pylon  
  189  16:00  Assimilator  
  189  16:09  Archon  
  189  16:20  Pylon  
  189  16:28  Zealot x4  
  189  16:29  Zealot  
  183  16:40  Dark Templar x2, Zealot x4  
  183  16:41  Zealot x3  
  183  16:43  Protoss Air Weapons Level 3  
  183  16:45  Protoss Shields Level 2  
  195  17:04  Photon Cannon  
  195  17:05  Photon Cannon, Stargate  
  195  17:07  Photon Cannon, Shield Battery, Stargate  
  193  17:09  Shield Battery, Stargate  
  193  17:10  Photon Cannon  
  193  17:11  Photon Cannon  
  183  17:23  Dark Templar x2, Zealot  
  183  17:24  Zealot x5  
  199  17:31  Photon Cannon  
  199  17:32  Photon Cannon  
  199  17:34  Photon Cannon  
  199  17:35  Assimilator  
  199  17:36  Photon Cannon, Assimilator  
  195  17:38  Photon Cannon  
  195  17:40  Pylon  
  195  17:42  Mothership  
  191  18:04  High Templar  
  191  18:05  High Templar x3  
  195  18:07  Carrier x2  
  195  18:08  Zealot x2  
  195  18:10  Carrier  
  195  18:15  Carrier x2  
  195  18:20  Carrier  
  194  19:07  Warp Prism  
  194  19:20  Dark Templar  
  194  19:21  Nexus  
  198  19:24  Protoss Air Armor Level 1  
  198  19:28  Pylon  
  198  19:50  Pylon  
  198  19:53  Pylon  
  198  19:56  Photon Cannon  
  198  19:58  Photon Cannon  
  198  19:59  Photon Cannon  
  198  20:01  Photon Cannon  
  198  20:02  Photon Cannon  
  198  20:04  Shield Battery  
  198  20:07  Shield Battery  
  198  20:10  Pylon  
  198  20:21  High Templar x4  
  192  20:29  Zealot x5  
  200  20:42  Dark Templar x2  
  191  20:43  Zealot x3  
  198  20:52  Carrier x2  
  184  21:01  Carrier  
  200  21:19  Assimilator x2  
  200  21:23  Photon Cannon  
  200  21:25  Photon Cannon  
  200  21:27  Photon Cannon  
  200  21:28  Photon Cannon  
  190  21:48  Zealot x5  
  190  21:50  Protoss Shields Level 3  
  198  22:02  Warp Prism  
  188  22:09  Protoss Air Armor Level 2  
  190  22:20  Dark Templar x2  
  190  22:21  Zealot x3  
  200  22:29  Shield Battery  
  200  22:30  Shield Battery  
  200  22:32  Pylon  
  180  22:48  Void Ray x5  
  173  22:52  Void Ray  
  177  23:02  Zealot x5  
  177  23:03  Zealot x6  
  193  23:29  Dark Templar x2  
  193  23:30  Zealot x4  
  187  23:42  High Templar x4  
  195  23:53  Photon Cannon  
  187  23:56  Photon Cannon  
  187  23:57  Photon Cannon  
  187  23:58  Photon Cannon, High Templar x4  
  187  23:59  Shield Battery, High Templar x2  
  187  24:01  Pylon  
  193  24:03  Archon  
  193  24:04  Archon x3  
  191  24:27  Zealot x4  
  199  24:38  Protoss Air Armor Level 3  
  199  24:42  Carrier x2  
  197  24:59  Nexus  
  197  25:05  Pylon  
  197  25:17  Carrier  
  197  25:27  Pylon  
  197  25:28  Photon Cannon, Dark Templar  
  197  25:29  Photon Cannon  
  197  25:30  Photon Cannon  
  198  26:05  Nexus  
  198  26:07  Pylon  
  196  26:19  Observer  
  195  26:44  Nexus  
  195  26:45  Pylon  
  195  26:47  Photon Cannon  
  195  26:49  Photon Cannon  
  195  26:50  Assimilator  
  195  26:55  Assimilator  
  195  27:09  Photon Cannon  
  195  27:10  Photon Cannon  
  195  27:12  Photon Cannon  
  195  27:13  Shield Battery  
  195  27:15  Shield Battery  
  195  27:16  Photon Cannon  
  195  27:18  Pylon  
  195  27:28  Dark Templar  
  195  27:29  Dark Templar, Zealot x3  
  199  27:37  Mothership  
  195  28:06  Observer  
  200  28:35  Carrier  
  198  28:45  Dark Templar  
  198  29:02  Gateway  
  198  29:07  Gateway  
  198  29:08  Gateway  
  198  29:10  Gateway  
  192  29:58  Zealot x3  
  192  29:59  Zealot  
  200  30:13  Zealot  
  200  30:14  Zealot x3  
  190  30:28  Zealot x4  
  190  30:29  Zealot  
  193  30:52  Zealot x3  
  195  31:07  Dark Templar, Zealot  
  193  31:13  Zealot x3  
  171  31:42  Zealot x4  
  171  31:43  Zealot x10  
  187  31:50  High Templar x2  
  187  31:52  Carrier  
  197  32:06  Photon Cannon  
  197  32:07  Photon Cannon  
  197  32:10  Shield Battery  
  197  32:11  Pylon  
  197  32:13  High Templar  
  187  32:23  Dark Templar x2, Zealot x2  
  187  32:24  Zealot x3  
  187  32:29  Zealot x4  
  199  32:30  Zealot  
  193  32:40  Zealot  
  193  32:41  Zealot  
  197  32:50  Carrier x3  
  189  33:13  Zealot  
  189  33:14  Zealot x4  
  197  33:32  Dark Templar  
  199  34:02  Carrier  
  198  34:47  Zealot  
  200  34:59  Zealot x2  
  197  35:00  Zealot  
  197  35:03  Dark Templar  
  191  35:27  Carrier  
  196  35:53  High Templar x2  
  194  35:59  Archon  
  192  36:12  Pylon  
  192  36:13  Nexus  
  192  36:20  Carrier  
  192  36:24  Dark Templar  
  192  36:33  Sentry, Zealot x3  
  192  36:34  Zealot  
  190  36:49  Photon Cannon  
  190  36:50  Carrier  
  190  36:52  Photon Cannon  
  196  37:04  Cybernetics Core  
  189  37:15  Photon Cannon  
  189  37:18  Photon Cannon  
  189  37:19  Photon Cannon  
  189  37:21  Photon Cannon  
  187  37:27  Dark Templar x6  
  195  37:31  Archon x2  
  195  37:32  Archon  
  195  37:34  Zealot x2  
  195  38:20  Shield Battery  
  195  38:23  Pylon  
  195  38:31  Zealot x2  
  195  39:04  Dark Templar x2  
  199  39:16  Pylon  
  199  39:23  Void Ray x2  
  200  39:34  Void Ray  
  188  40:27  Zealot  
  188  40:28  Zealot x5  
  188  41:08  Zealot x3  
  188  41:09  Zealot x3  
  171  41:49  Stalker x3  
  171  41:50  Stalker  
  159  41:55  Stalker x7  
  27  42:23  High Templar  
  27  42:24  High Templar x5  
  27  42:25  High Templar x6  
  27  42:26  High Templar  
  39  42:31  Archon x3  
  39  42:32  Archon x3  
  34  42:53  High Templar  
  34  42:54  High Templar x5  
  34  42:55  High Templar  
  34  42:56  High Templar x5  
  58  43:04  Archon x2  
  58  43:05  Archon x3  
  58  43:06  Archon  
Show
View Real Time Build Order
Export as new Build Order

SortOf Zerg - Winner!

Build Orders: Hatch First, Brood Lord Corruptor 

Get SALT Encoding   

  12  0:00  Drone  
  13  0:12  Overlord  
  13  0:17  Drone  
  14  0:30  Drone x2  
  16  0:45  Drone  
  17  0:54  Hatchery  
  17  0:55  Drone  
  17  0:59  Drone  
  18  1:09  Extractor  
  17  1:13  Spawning Pool  
  17  1:16  Drone  
  17  1:21  Drone  
  18  1:29  Drone  
  19  1:39  Drone  
  20  1:49  Overlord  
  20  2:00  Queen  
  22  2:06  Queen  
  22  2:07  Zergling x4  
  26  2:11  Metabolic Boost  
  26  2:12  Drone  
  27  2:20  Drone  
  28  2:24  Drone  
  29  2:32  Zergling x4  
  31  2:43  Hatchery  
  30  2:47  Overlord  
  30  2:51  Queen  
  30  2:55  Drone x2  
  34  3:00  Overlord  
  34  3:03  Drone  
  34  3:09  Zergling x2  
  34  3:10  Zergling x2  
  34  3:12  Drone x2  
  38  3:17  Drone  
  39  3:25  Spore Crawler  
  39  3:27  Drone x2  
  40  3:34  Drone x2  
  42  3:40  Overlord  
  41  3:43  Queen  
  42  3:48  Drone  
  42  3:51  Drone x2  
  42  3:52  Drone  
  42  3:54  Drone x2  
  46  3:58  Spore Crawler  
  46  4:00  Drone  
  46  4:01  Drone  
  47  4:03  Drone x2  
  47  4:05  Zergling x4  
  51  4:10  Drone  
  51  4:12  Queen  
  54  4:20  Spore Crawler  
  54  4:21  Zergling x4  
  54  4:22  Zergling x2  
  54  4:23  Drone x3  
  59  4:27  Overlord  
  59  4:30  Overlord  
  59  4:33  Zergling x6  
  59  4:38  Drone  
  63  4:42  Roach Warren, Drone, Extractor  
  63  4:45  Overlord  
  62  4:49  Overlord  
  62  4:54  Drone x5  
  62  4:57  Drone x2  
  69  5:01  Lair  
  69  5:03  Drone  
  69  5:04  Drone  
  71  5:07  Overlord  
  71  5:09  Drone x2  
  75  5:14  Drone x3  
  75  5:18  Overlord  
  75  5:25  Roach x3  
  81  5:29  Extractor  
  81  5:30  Extractor  
  81  5:31  Overlord  
  81  5:34  Roach  
  85  5:38  Roach  
  85  5:39  Roach x2  
  85  5:41  Roach  
  88  5:44  Spine Crawler  
  88  5:45  Roach x2  
  88  5:46  Spine Crawler  
  88  5:48  Roach  
  92  5:52  Roach  
  92  5:56  Overlord  
  93  6:01  Roach x2  
  93  6:02  Overlord  
  87  6:11  Drone x8  
  87  6:12  Drone  
  87  6:17  Roach  
  98  6:22  Roach x2  
  98  6:24  Queen  
  101  6:28  Roach  
  101  6:32  Drone x2  
  105  6:39  Overlord  
  105  6:40  Overseer  
  105  6:47  Evolution Chamber, Drone x4  
  105  6:48  Drone  
  108  6:55  Drone x5  
  113  7:03  Baneling Nest  
  113  7:04  Drone  
  113  7:05  Drone x4  
  117  7:10  Drone x5  
  117  7:12  Extractor  
  117  7:15  Glial Reconstitution  
  120  7:16  Zerg Missile Weapons Level 1  
  120  7:19  Evolution Chamber  
  119  7:30  Overlord, Extractor  
  119  7:34  Roach x3  
  119  7:35  Hatchery, Roach x2  
  127  7:39  Overlord  
  127  7:40  Zergling x4  
  127  7:41  Overlord  
  129  7:46  Centrifical Hooks  
  129  7:49  Ravager x3  
  129  7:50  Ravager x2  
  134  7:58  Extractor, Zergling x20  
  144  8:02  Zerg Melee Weapons Level 1  
  143  8:06  Zergling x12  
  143  8:11  Ravager x2  
  149  8:14  Drone x3  
  149  8:19  Overlord  
  151  8:20  Drone x2  
  151  8:23  Overlord x2  
  153  8:29  Overseer  
  153  8:37  Overlord  
  153  8:44  Zergling x16  
  161  8:48  Zergling x8  
  159  8:56  Drone  
  159  8:57  Drone x2  
  159  9:00  Zergling x8  
  163  9:04  Baneling x30  
  163  9:10  Zergling x12, Infestation Pit  
  163  9:15  Baneling x8  
  168  9:18  Zergling x6  
  170  9:27  Zergling x12  
  176  9:35  Overlord  
  176  9:36  Zergling x14  
  183  9:42  Spire  
  183  9:43  Overlord  
  183  9:45  Zergling x6  
  184  9:52  Baneling x2  
  184  9:53  Baneling x8  
  184  9:58  Zergling x14  
  191  10:02  Hive  
  191  10:08  Drone x8  
  195  10:17  Drone x5  
  197  10:26  Zergling x6  
  198  10:31  Zergling x12  
  195  10:40  Zergling x6  
  176  10:45  Zergling x6  
  133  10:51  Roach  
  133  10:56  Roach x6  
  139  10:57  Zerg Melee Weapons Level 2  
  139  10:58  Zerg Ground Armor Level 1, Corruptor x3  
  142  11:08  Zergling x8  
  126  11:13  Roach  
  126  11:17  Ravager x2  
  126  11:18  Baneling x12, Ravager  
  128  11:23  Adrenal Glands, Greater Spire  
  128  11:29  Drone x6  
  134  11:42  Hatchery  
  134  11:43  Drone  
  134  11:44  Drone x5  
  139  11:52  Corruptor x3  
  139  11:53  Zergling x4  
  139  11:54  Zergling x4  
  149  11:59  Zergling x10  
  154  12:07  Zergling x14  
  161  12:11  Baneling x5  
  161  12:12  Baneling x6  
  161  12:15  Zergling x6  
  162  12:24  Extractor  
  162  12:26  Overlord  
  162  12:27  Zergling x16  
  160  12:39  Zerg Flyer Weapons Level 1  
  160  12:40  Brood Lord x4  
  160  12:41  Overseer  
  160  12:43  Pneumatized Carapace  
  167  12:51  Queen  
  167  12:53  Drone x6  
  167  12:58  Overlord  
  175  13:11  Brood Lord x2, Corruptor x3  
  185  13:14  Overseer  
  184  13:27  Drone x3  
  184  13:28  Extractor  
  184  13:30  Spine Crawler  
  184  13:31  Spore Crawler  
  175  13:40  Extractor  
  174  13:41  Zerg Ground Armor Level 2  
  174  13:42  Zerg Melee Weapons Level 3  
  174  13:45  Corruptor x2  
  178  13:58  Corruptor x3  
  178  14:01  Hatchery  
  183  14:04  Overlord  
  183  14:11  Drone x12  
  195  14:22  Overseer  
  195  14:23  Overseer, Corruptor x2  
  199  14:29  Spore Crawler x2  
  199  14:30  Spore Crawler  
  195  14:33  Zerg Flyer Armor Level 1, Spore Crawler  
  195  14:35  Spore Crawler  
  195  14:36  Spore Crawler, Corruptor x2  
  195  14:37  Spore Crawler  
  195  14:45  Spore Crawler  
  193  14:48  Hydralisk Den, Pathogen Glands  
  193  14:49  Spore Crawler x3  
  193  14:51  Overseer  
  193  14:52  Viper  
  192  14:57  Corruptor x2  
  181  15:18  Corruptor x6  
  192  15:25  Corruptor x3  
  190  15:35  Brood Lord x2  
  176  15:42  Brood Lord x2  
  174  15:43  Spore Crawler  
  174  15:49  Muscular Augments  
  171  15:52  Zergling x16  
  171  15:53  Overseer  
  177  15:58  Infestor x2  
  177  16:02  Overseer  
  177  16:03  Spore Crawler  
  180  16:08  Viper  
  183  16:12  Zergling x12  
  189  16:26  Infestor x3  
  183  16:56  Overlord  
  183  16:57  Zerg Flyer Armor Level 2, Zerg Missile Weapons Level 2, Hydralisk, Overlord  
  183  16:58  Hydralisk x2  
  183  17:01  Grooved Spines  
  189  17:06  Hatchery  
  189  17:07  Infestor x2  
  187  17:12  Zergling x10  
  186  17:17  Drone x9  
  186  17:19  Zergling x2  
  195  17:25  Zergling x6  
  195  17:29  Hydralisk x3  
  199  17:43  Baneling x2  
  199  17:45  Overlord  
  199  17:49  Spine Crawler  
  198  17:52  Zergling x4  
  195  18:01  Zergling x22  
  200  18:24  Zergling x12  
  199  18:35  Zerg Ground Armor Level 3  
  199  18:42  Hatchery  
  198  18:48  Hatchery  
  198  18:49  Baneling  
  198  18:50  Hydralisk  
  198  18:51  Zergling x2  
  199  19:00  Overseer  
  195  19:02  Baneling x2  
  195  19:06  Baneling  
  195  19:07  Baneling x3  
  195  19:08  Zergling x8  
  199  19:11  Overlord  
  199  19:13  Zerg Flyer Weapons Level 2  
  194  19:38  Zergling x12  
  200  19:52  Hydralisk  
  198  20:03  Drone  
  198  20:04  Spore Crawler x2  
  198  20:05  Spore Crawler  
  196  20:23  Zergling x6  
  194  20:41  Zergling x4  
  194  20:42  Zergling x16  
  195  20:51  Zergling x10  
  195  20:57  Zergling x6  
  198  20:59  Baneling x4  
  199  21:04  Extractor  
  199  21:05  Overseer, Spine Crawler  
  199  21:06  Zerg Missile Weapons Level 3, Spine Crawler  
  196  21:17  Spine Crawler  
  195  21:19  Spore Crawler x2  
  195  21:20  Baneling x7  
  195  21:22  Spine Crawler  
  192  21:27  Corruptor  
  192  21:28  Corruptor x3  
  192  21:29  Zerg Flyer Armor Level 3  
  190  21:40  Corruptor x5  
  190  21:45  Hydralisk  
  199  21:48  Neural Parasite, Burrow  
  199  21:52  Spire  
  198  21:54  Extractor  
  198  21:56  Extractor, Spine Crawler x2  
  198  21:59  Spore Crawler x4  
  190  22:02  Overseer x2  
  186  22:09  Hydralisk  
  186  22:10  Hydralisk x5  
  186  22:15  Drone  
  185  22:49  Corruptor x10  
  178  22:53  Corruptor x5  
  178  22:54  Corruptor x11  
  198  23:00  Corruptor  
  192  23:08  Corruptor x3  
  194  23:13  Overlord  
  172  23:23  Corruptor  
  172  23:25  Overlord  
  160  23:28  Zergling x12  
  165  23:38  Zergling x6  
  162  23:44  Brood Lord  
  163  23:52  Zergling x4  
  163  23:59  Brood Lord  
  165  24:08  Drone x3  
  167  24:13  Drone x3, Extractor  
  169  24:20  Brood Lord  
  171  24:31  Viper  
  171  24:33  Zergling x12  
  171  24:34  Zergling x12  
  186  24:40  Spore Crawler  
  184  24:48  Viper  
  184  24:52  Hydralisk x3  
  191  25:00  Infestor  
  193  25:08  Spore Crawler  
  193  25:09  Spore Crawler  
  189  25:16  Spore Crawler  
  189  25:17  Infestor x2  
  184  25:22  Drone x3  
  187  25:29  Brood Lord  
  187  25:31  Drone  
  187  25:32  Drone  
  191  25:38  Spore Crawler  
  191  25:39  Spore Crawler  
  191  25:40  Spore Crawler  
  191  25:41  Zergling x16  
  196  25:46  Brood Lord  
  198  25:56  Overlord  
  197  26:01  Overseer x2  
  197  26:02  Drone x2  
  197  26:03  Drone  
  195  26:06  Overseer x2  
  195  26:08  Drone  
  195  26:09  Drone x3  
  198  26:30  Spore Crawler x2  
  192  26:35  Brood Lord x3  
  198  26:43  Drone  
  199  27:02  Hatchery  
  198  27:09  Spore Crawler  
  198  27:10  Brood Lord  
  198  27:12  Spore Crawler  
  197  27:29  Infestor  
  193  27:30  Infestor x2  
  193  27:35  Zergling x12  
  197  27:42  Infestor x4  
  199  27:53  Zerg Flyer Weapons Level 3  
  196  28:06  Hatchery  
  196  28:09  Overseer  
  194  28:31  Brood Lord  
  194  28:32  Hydralisk  
  194  28:33  Zergling x2  
  199  28:57  Extractor  
  199  29:02  Extractor  
  196  29:04  Spore Crawler, Spine Crawler  
  196  29:06  Spine Crawler  
  196  29:09  Drone  
  194  29:18  Corruptor x2  
  198  29:24  Drone  
  199  29:39  Hatchery  
  196  29:53  Corruptor  
  196  29:54  Corruptor  
  197  30:15  Zergling x4  
  193  30:24  Zergling x2  
  193  30:25  Zergling x28  
  183  30:51  Hydralisk x4, Zergling x6  
  183  30:52  Zergling x6  
  196  31:08  Infestor x2  
  168  31:44  Corruptor  
  167  31:47  Hydralisk x7  
  167  31:50  Viper  
  167  31:52  Brood Lord  
  167  31:53  Brood Lord x2  
  167  31:54  Corruptor x3  
  189  31:56  Drone x4  
  197  32:09  Zergling x4  
  197  32:14  Zergling x22  
  199  32:21  Zergling x4  
  197  32:25  Drone x4  
  195  32:55  Corruptor x2  
  198  32:58  Hatchery  
  189  33:06  Zergling x18  
  198  33:17  Drone x2  
  198  33:52  Drone  
  198  34:07  Hatchery  
  198  34:09  Hatchery  
  195  34:26  Overseer  
  195  34:30  Overseer  
  195  34:31  Overseer  
  193  34:51  Zergling x18  
  198  35:15  Drone  
  191  35:36  Zergling x18  
  197  36:16  Hatchery  
  196  36:19  Corruptor  
  194  36:42  Corruptor  
  194  36:43  Corruptor x2  
  197  37:02  Viper  
  200  37:29  Overlord  
  200  37:30  Overseer  
  200  37:37  Overlord x2  
  200  37:54  Zergling x2  
  198  38:18  Zergling x8  
  200  38:21  Hatchery  
  200  38:22  Baneling x9  
  199  38:27  Hatchery  
  198  38:44  Zergling x4  
  198  38:58  Zergling x4  
  191  39:35  Hydralisk x4  
  199  39:58  Spore Crawler x2  
  197  40:00  Spore Crawler  
  189  40:14  Zergling x26  
  192  40:25  Spore Crawler x4  
  192  40:26  Spore Crawler x2  
  186  40:37  Hatchery, Zergling x16  
  191  41:02  Spore Crawler  
  191  41:03  Drone x5  
  191  41:04  Drone, Spore Crawler  
  196  41:05  Extractor  
  194  41:15  Infestor  
  194  41:16  Infestor  
  193  41:28  Hydralisk x3  
  186  41:54  Corruptor x10  
  148  42:01  Hydralisk x2  
  148  42:07  Hydralisk  
  137  42:09  Hydralisk  
  133  42:18  Hydralisk x2  
  133  42:21  Zergling x2  
  134  42:32  Zergling x10  
  134  42:51  Infestor x4  
  142  43:07  Hydralisk x4  
Tags
 
Add a new tag
Caveats
  • Supply blocks, unpowered buildings, or Contaminate may cause inaccurate times.
  • Supply counts are checked every 10 seconds.